 Dungeon Crawl Stone Soup version 0.29-a0-495-g17b79114eb (webtiles) character file.

Game seed: 4990719931735059719

15 spiderkeys the Ducker (level 2, 0/14 HPs)
             Began as a Felid Abyssal Knight on May 28, 2022.
             Was a Believer of Lugonu.
             Succumbed to an adder's poison
             ... on level 2 of the Dungeon.
             The game lasted 00:02:11 (1176 turns).

spiderkeys the Ducker (Felid Abyssal Knight)        Turns: 1176, Time: 00:02:11

Health: 0/14       AC:  1    Str: 15    XL:     2   Next: 34%
Magic:  3/4        EV: 18    Int: 11    God:    Lugonu [**....]
Gold:   105        SH:  0    Dex: 16    Spells: 0/1 levels left
                                        Lives:  0   Deaths: 0

rFire   . . .      SeeInvis +     - Unarmed
rCold   . . .      Faith    .   (shield unavailable)
rNeg    . . .      Spirit   .   (body armour unavailable)
rPois   .          Reflect  .   (helmet unavailable)
rElec   .          Harm     .   (cloak unavailable)
rCorr   .          Rampage  .   (gloves unavailable)
Will    .....                   (boots unavailable)
Stlth   ++........              (no amulet)
HPRegen 0.04/turn               S - +6 ring of strength
MPRegen 0.09/turn               (no ring)

@: lethally poisoned (0 -> -7), attractive, quick
A: very small, claws 1, fangs 3, see invisible, speed 1, shaggy fur 1, stealthy
paws, no weapons or thrown items, no armour, multi-lived
a: Renounce Religion, Depart the Abyss, Bend Space


You were on level 2 of the Dungeon.
You worshipped Lugonu.
Lugonu was pleased with you.
You visited 1 branch of the dungeon, and saw 2 of its levels.
You visited the Abyss 1 time.

You collected 105 gold pieces.


Innate Abilities, Weirdness & Mutations

You have sharp claws.
You have razor-sharp teeth.
You have supernaturally acute eyesight. (SInv)
You cover ground quickly. (Speed+)
You are covered in fur. (AC +1)
Your paws help you pounce on unaware monsters.
You are incapable of wielding weapons or throwing items.
You cannot wear armour.
You gain extra lives every three experience levels.


   Skills:
 + Level 3.1 Fighting
 + Level 3.4 Dodging
 - Level 1.0 Stealth
 + Level 2.2 Unarmed Combat
 + Level 0.1 Transmutations
 + Level 2.0 Invocations


You couldn't memorise any spells.
You knew the following spells:

 Your Spells              Type           Power      Damage    Failure   Level
b - Beastly Appendage     Tmut           0%         N/A       32%         1

Your spell library contained the following spells:

 Spells                   Type           Power      Damage    Failure   Level
 Wereblood                Tmut           0%         N/A       45%         2
 Spider Form              Tmut/Pois      0%         N/A       71%         3

Inventory:

Jewellery
 F - a ring of fire
   (You found it on level 1 of the Dungeon)
 S - a +6 ring of strength (left paw)
   (You found it on level 1 of the Dungeon)
Scrolls
 a - 2 scrolls of noise {unknown}
 b - a scroll of teleportation {unknown}
 d - 2 scrolls of identify {unknown}
 e - a scroll of poison {unknown}
 g - a scroll of fog {unknown}
 k - a scroll of enchant weapon {unknown}
Potions
 f - a potion of mutation {unknown}
 h - a potion of curing {unknown}
 i - a potion of lignification {unknown}
 j - a potion of heal wounds {unknown}

Dungeon Overview and Level Annotations

Branches:
Dungeon (2/15)

Altars:

Shops:
D:1 =:[[[

.....................###
........................
....................>...
......[.................
#...............ยง.......
##.....#.....#..........
#############..S....###
#.......# #..@....#
#.......# #########


You could see an adder.


Message History

You scratch the hobgoblin but do no damage.
You claw the hobgoblin, but do no damage.
The hobgoblin hits you. ๐Ÿ˜• HP[-2]
You take 2 damage, and now have 12/14 hp.
You scratch the hobgoblin.
You bite the hobgoblin, but do no damage.
The hobgoblin barely misses you.
You scratch the hobgoblin. The hobgoblin hits you. ๐Ÿ˜ฎ HP[-2]
You take 2 damage, and now have 10/14 hp.
You are too injured to fight recklessly!
You are too injured to fight recklessly!
You are too injured to fight recklessly!
You are too injured to fight recklessly!
You are too injured to fight recklessly!
You scratch the hobgoblin. You bite the hobgoblin.
You kill the hobgoblin!
Lugonu accepts your kill.
You see here a hobgoblin corpse.
Key pressed, stopping explore.
Key pressed, stopping explore.
You now have 70 gold pieces (gained 7).
You see here 24 stones. ๐Ÿ˜Ž HP[+4]
Your hp is fully restored (14).
A bat comes into view.
A bat is nearby!
Found a stone staircase leading down.
The bat closely misses you.
You miss the bat. The bat misses you.
You scratch the bat.
You kill the bat!
Lugonu accepts your kill.
No target in view!
No target in view!
No target in view!
d - 2 scrolls labelled VEOPTAGOKK (gained 1)
You now have 80 gold pieces (gained 10).
Found an escape hatch in the floor.
You see here 6 poisoned darts.
i - a silvery potion
Found a stone staircase leading up.
You now have 88 gold pieces (gained 8).
A bat comes into view.
A bat is nearby!
A bat is nearby!
There is a stone staircase leading up here.
The bat barely misses you.
You scratch the bat. The bat misses you. The bat closely misses you.
The bat barely misses you.
A bat is nearby!
A bat is nearby!
You scratch the bat.
You kill the bat!
Lugonu accepts your kill.
No target in view!
No target in view!
Found an escape hatch in the ceiling.
Found a stone staircase leading up.
Found a stone staircase leading down.
Found a stone staircase leading down.
You now have 99 gold pieces (gained 11).
j - a grey potion You now have 105 gold pieces (gained 6).
k - a scroll labelled MACOUZXUEWK You see here a +0 ring mail.
An adder comes into view.
The adder hisses angrily.
The adder completely misses you.
You scratch the adder. You bite the adder. The adder closely misses you.
The adder completely misses you.
You completely miss the adder. Your bite misses the adder. The adder bites you.
You are poisoned.
The adder poisons you! ๐Ÿ˜• HP[-1]
You take 1 damage, and now have 13/14 hp.
You scratch the adder but do no damage.
You feel sick. The adder misses you. ๐Ÿ˜• HP[-2]
You take 2 damage, and now have 11/14 hp.
You barely miss the adder.
You feel sick. The adder bites you.
* * * LOW HITPOINT WARNING * * *
You are lethally poisoned!
The adder poisons you! ๐Ÿ˜จ HP[-5]
You take 5 damage, and now have 6/14 hp.
MASSIVE DAMAGE!! (PAUSE) Space bends violently around you!
You blink.
* * * LOW HITPOINT WARNING * * *
You feel sick. ๐Ÿ˜ฑ HP[-4] MP[-1]
You take 4 damage, and now have 2/14 hp.
MASSIVE DAMAGE!! (PAUSE)
You lost 1 mp, and now have 3/4 mp.
Unknown command.
It was a potion of attraction.
You feel attractive to monsters.
You die...

Skill      XL: |  1  2 |
---------------+-------+-----
Invocations    | 2 |  2.0
Stealth        | 1 |  1.0
Fighting       | |  3.1
Dodging        | |  3.4
Unarmed Combat | |  2.2
Transmutations | |  0.1

Action                   || total
-------------------------++-------
Melee: Unarmed           ||    40
       Bite              ||     6
       Punch             ||     1
Invok: Bend Space        ||     1
  Use: Potion            ||     1
 Stab: Sleeping          ||     2
Armor: Skin              ||     2
Dodge: Dodged            ||    34

Levels and vault maps discovered:
D:1:      matt_arrival_los_fun, layout_basic, serial_shops,
          nicolae_shop_behind_doors, shop, shop, nicolae_shop_behind_doors,
          nicolae_diamond_shop, amethyst_killhole, minmay_tree_intersection,
          minivault_5
D:2:      layout_rooms, basic_altar

Notes
Turn   | Place    | Note
-------+----------+-------------------------------------------
     0 | Abyss:1  | spiderkeys the Felid Abyssal Knight began the quest for the
                  | Orb.
     0 | Abyss:1  | Reached XP level 1. HP: 10/10 MP: 3/3
     0 | Abyss:1  | magus.rc [v1.11.3]
    17 | D:1      | You pass through the gate.
    17 | D:1      | Escaped the Abyss
   128 | D:1      | Found Uzif's Antique Armour Shoppe.
   199 | D:1      | Found Pemamnue's Jewellery Shop.
   217 | D:1      | Found Jisaes's Book Boutique.
   508 | D:1      | You pick up a book of Changes and begin reading...
   508 | D:1      | You add the spells Beastly Appendage, Wereblood and Spider
                  | Form to your library.
   532 | D:1      | Reached skill level 2 in Invocations
   532 | D:1      | Reached XP level 2. HP: 14/14 MP: 4/4
   537 | D:1      | Reached skill level 1 in Stealth
   539 | D:1      | Learned a level 1 spell: Beastly Appendage
   718 | D:1      | Found Bolinak's Antique Armour Shop.
   896 | D:1      | Found Qiorup's Antique Armour Shop.
  1175 | D:2      | HP: 2/14 [poisoned by an adder]
  1176 | D:2      | Succumbed to an adder's poison

Vanquished Creatures
  A ball python (D:1)
  2 bats (D:2)
  A giant cockroach (D:2)
  A goblin (D:1)
  A hobgoblin (D:2)
  4 jackals (D:1)
  3 frilled lizards (D:1)
13 creatures vanquished.

Table legend:
 A = Non-vault XP
 B = Vault XP
 C = Vault XP percentage of total XP
 D = Non-vault monster count
 E = Vault monster count
 F = Vault count percentage of total count
                 A         B        C        D         E       F
            +---------+---------+-------+---------+---------+-------
      Total |      22 |       0 |   0.0 |      13 |       0 |   0.0
            +---------+---------+-------+---------+---------+-------
        D:1 |      15 |       0 |   0.0 |       9 |       0 |   0.0
        D:2 |       7 |       0 |   0.0 |       4 |       0 |   0.0
            +---------+---------+-------+---------+---------+-------

Illustrated notes

Table legend:
 A = Kills in this place as a percentage of kills in entire the game.
 B = Kills by you in this place as a percentage of kills by you in the entire game.
 C = Kills by friends in this place as a percentage of kills by friends in the entire game.
 D = Other kills in this place as a percentage of other kills in the entire game.
 E = Experience gained in this place as a percentage of experience gained in the entire game.
 F = Experience gained in this place divided by the number of levels of this place that you have seen.
                   A       B       C       D       E      F
               +-------+-------+-------+-------+-------+----------------------
         Total | 100.0 | 100.0 |   N/A |   N/A | 100.0 |   7.3
       Dungeon | 100.0 | 100.0 |   N/A |   N/A | 100.0 |  11.0
               +-------+-------+-------+-------+-------+----------------------

Table legend: (Time is in decaauts)
 A = Elapsed time spent in this place.
 B = Non-inter-level travel time spent in this place.
 C = Inter-level travel time spent in this place.
 D = Time resting spent in this place.
 E = Time spent auto-exploring this place.
 F = Levels seen in this place.
 G = Mean time per level.
                   A        B        C        D        E       F      G
               +--------+--------+--------+--------+--------+-----+--------+
         Total |   1018 |   1011 |      7 |    121 |    768 |   3 |  339.3 |
       Dungeon |   1004 |    997 |      7 |    121 |    759 |   2 |  502.0 |
         Abyss |     13 |     13 |      0 |      0 |      8 |   1 |   13.0 |
               +--------+--------+--------+--------+--------+-----+--------+

Top non-repeatable levels by time:
     D:1: 810 daAuts
     D:2: 193 daAuts
 Abyss:1: 13 daAuts
